 Dungeon Crawl Stone Soup version 0.15.2 (webtiles) character file.

21 glosham the Skirmisher (level 2, 0/31 HPs)
             Began as an Ogre Arcane Marksman on Apr 8, 2017.
             Slain by an adder (2 damage)
             ... on Level 2 of the Dungeon.
             The game lasted 00:08:05 (617 turns).

glosham the Skirmisher (Ogre Arcane Marksman)        Turns: 617, Time: 00:08:06

HP   0/31        AC  3     Str 15      XL: 2   Next: 83%
MP   3/3         EV 10     Int 12      God:
Gold 0           SH  0     Dex  9      Spells:  1 memorised,  2 levels left

rFire  . . .     SeeInvis .     a - -3 whip (curse)
rCold  . . .     Clarity  .     e - +0 robe
rNeg   . . .     rCorr    .     (shield restricted)
rPois  .         rRot     .     (helmet restricted)
rElec  .         Spirit   .     (no cloak)
SustAb .         Warding  .     (gloves unavailable)
rMut   .         Stasis   .     (boots unavailable)
Gourm  .                        (no amulet)
MR     .....                    (no ring)
                                (no ring)

@: lethally poisoned, not resistant to hostile enchantments, very unstealthy
A: unfitting armour, tough skin 1
a: no special abilities


You were on level 2 of the Dungeon.
You were not hungry.

You visited 1 branch of the dungeon, and saw 2 of its levels.

Inventory:

Hand weapons
 a - a cursed -3 whip (weapon)
 k - a +0 club
 l - a +0 short sword
 o - a +0 hand axe
Missiles
 b - 4 large rocks (quivered)
 c - 2 throwing nets
 g - 3 stones
 i - 17 poisoned needles
Armour
 e - a +0 robe (worn)
Comestibles
 f - a meat ration
 n - a beef jerky
Potions
 h - 2 potions of curing {unknown}
 j - a potion of heal wounds {unknown}
 m - a potion of invisibility {unknown}
Books
 d - a book of Debilitation

   Spells                             Type                      Level
   *Corona                            Hexes                        1
   Slow                               Hexes                        2
   Inner Flame                        Hexes/Fire                   3
   Enslavement                        Hexes                        4
   Cause Fear                         Hexes                        4
   Leda's Liquefaction                Hexes/Earth                  4


   Skills:
 - Level 3.1 Fighting
 * Level 1.3 Maces & Flails
 - Level 2.1 Throwing
 - Level 1.7 Dodging
 - Level 1.2 Spellcasting
 - Level 2.1 Hexes


You had 2 spell levels left.
You knew the following spells:

 Your Spells              Type           Power        Failure   Level  Hunger
c - Corona                Hex            #......      14%         1    ##.....


Dungeon Overview and Level Annotations

Branches:
Dungeon (2/15)

Altars:


Innate Abilities, Weirdness & Mutations

You are too large for most types of armour.
You have tough skin (AC +1).


Message History

You are poisoned.
The adder poisons you!
You feel sick.
A kobold comes into view.
You feel sick.
The kobold shouts!
The adder closely misses you.
You feel sick.
A kobold comes into view.
The adder bites you but does no damage. The kobold hits you.
You hit the adder but do no damage.
You feel sick. The adder bites you but does no damage. The kobold hits you.
You barely miss the adder. The adder closely misses you. The kobold hits you.
The adder bites you.
You hit the adder.
The adder is moderately wounded.
The kobold hits you but does no damage. The adder barely misses you.
You hit the adder.
The adder is moderately wounded.
You feel sick. The adder bites you.
You are more poisoned.
The adder poisons you! The kobold hits you.
* * * LOW HITPOINT WARNING * * *
The adder bites you but does no damage. The kobold closely misses you.
You closely miss the adder.
The adder is moderately wounded.
The adder bites you.
* * * LOW HITPOINT WARNING * * *
The kobold barely misses you.
You barely miss the adder.
The adder is moderately wounded.
The adder bites you but does no damage. The kobold hits you.
* * * LOW HITPOINT WARNING * * *
Unknown command.
You closely miss the adder.
The adder is moderately wounded.
* * * LOW HITPOINT WARNING * * *
You feel sick. The adder bites you.
You die...

# ####.########
#... #.....#
#####.# #.....#
#.Kg.g#####.....##
##S##..g..).♣P..<#
#@##.###...♣♣(...#
#K##.# ###?......#
#.##.# #.......#
#.##.# ####....#
#.##.# ######
#.##.# .....# ###
#


You could see an adder, a goblin and 2 kobolds.

Vanquished Creatures
  A giant gecko (D:1)
  A giant cockroach (D:2)
  4 goblins (D:1)
  3 hobgoblins (D:1)
  A ball python (D:1)
  2 giant newts (D:1)
  4 kobolds
  3 rats (D:1)
19 creatures vanquished.

Notes
Turn   | Place    | Note
--------------------------------------------------------------
     0 | D:1      | glosham, the Ogre Arcane Marksman, began the quest for the Orb.
     0 | D:1      | Reached XP level 1. HP: 19/19 MP: 2/2
   138 | D:1      | Reached skill level 2 in Fighting
   262 | D:1      | Reached XP level 2. HP: 11/29 MP: 1/3
   339 | D:1      | Reached skill level 3 in Fighting
   467 | D:1      | Reached skill level 1 in Maces & Flails
   615 | D:2      | HP: 3/31 [adder (4)]
   617 | D:2      | Slain by an adder

Action                   || total
-------------------------++-------
Melee: Short sword       ||    34
       Unarmed           ||     6
       Whip              ||    27
Throw: Throwing net      ||     1
 Cast: Corona            ||    19
  Use: Scroll            ||     2

Table legend:
 A = Turns spent in this place as a percentage of turns spent in the entire game.
 B = Non-inter-level travel turns spent in this place as a percentage of non-inter-level travel turns spent in the entire game.
 C = Inter-level travel turns spent in this place as a percentage of turns spent in this place.
 D = Turns resting spent in this place as a percentage of non-inter-level travel turns spent in this place.
 E = Turns spent auto-exploring this place as a percentage of non-inter-level travel turns spent in this place.
 F = Non-inter-level travel turns spent in this place divided by the number of levels of this place that you've seen.
                   A       B       C       D       E      F
               +-------+-------+-------+-------+-------+----------------------
         Total | 100.0 | 100.0 |   0.0 |   0.0 |   0.2 | 250.0
       Dungeon | 100.0 | 100.0 |   0.0 |   0.0 |   0.2 | 250.0
               +-------+-------+-------+-------+-------+----------------------

Table legend:
 A = Kills in this place as a percentage of kills in entire the game.
 B = Kills by you in this place as a percentage of kills by you in the entire game.
 C = Kills by friends in this place as a percentage of kills by friends in the entire game.
 D = Other kills in this place as a percentage of other kills in the entire game.
 E = Experience gained in this place as a percentage of experience gained in the entire game.
 F = Experience gained in this place divided by the number of levels of this place that you have seen.
                   A       B       C       D       E      F
               +-------+-------+-------+-------+-------+----------------------
         Total | 100.0 | 100.0 |  -nan |  -nan | 100.0 |  15.0
       Dungeon | 100.0 | 100.0 |  -nan |  -nan | 100.0 |  15.0
               +-------+-------+-------+-------+-------+----------------------

Vault maps used:
D:1:      evilmike_arrival_hilbert_curve
D:2:      kennysheep_goblin_castle, serial_park_tiny_1,
          minmay_misc_feat_pillars, uniq_terence, uniq_jessica
